Map: 나이트쉐이드 - 래더

Players

IntoTheZoun (Zoun) - Winner!

  • Race: Protoss Protoss
  • League: Master
  • Spawn Location: 11:00

Armani

  • Race: Zerg Zerg
  • League: Grandmaster
  • Spawn Location: 5:00

VOD

Have the link to the VOD?

Description

Time

  • Played on: Jan. 15, 2020, 5:40 a.m.
  • Length: 16:17
Show
View Real Time Build Order
Export as new Build Order

IntoTheZoun Protoss - Winner!

Build Orders: 1 Gate Expand, Phoenix Opening, Mass Phoenix 

Get SALT Encoding   

  12  0:00  Probe  
  13  0:12  Probe  
  14  0:19  Pylon  
  14  0:25  Probe  
  15  0:37  Probe (Chrono Boost)  
  15  0:39  Gateway  
  16  0:47  Probe (Chrono Boost), Assimilator  
  17  0:52  Probe (Chrono Boost)  
  18  1:04  Probe  
  19  1:16  Probe  
  20  1:23  Nexus  
  20  1:33  Cybernetics Core  
  20  1:35  Probe  
  21  1:40  Assimilator  
  21  1:48  Probe  
  21  1:50  Pylon  
  22  2:00  Probe (Chrono Boost)  
  23  2:07  Adept (Chrono Boost)  
  23  2:12  Probe (Chrono Boost)  
  26  2:21  Probe (Chrono Boost)  
  26  2:22  Stargate  
  27  2:26  Warp Gate, Probe  
  28  2:30  Pylon  
  28  2:35  Adept  
  30  2:41  Probe x2 (Chrono Boost)  
  32  2:53  Probe (Chrono Boost)  
  32  2:56  Probe (Chrono Boost)  
  34  2:59  Probe (Chrono Boost)  
  34  3:03  Probe  
  36  3:05  Phoenix (Chrono Boost)  
  36  3:08  Probe  
  39  3:15  Probe  
  39  3:19  Pylon  
  40  3:20  Probe  
  40  3:25  Gateway  
  41  3:27  Phoenix (Chrono Boost)  
  41  3:28  Probe  
  41  3:32  Probe  
  45  3:38  Assimilator  
  45  3:39  Assimilator  
  45  3:40  Probe  
  46  3:44  Probe  
  46  3:45  Phoenix (Chrono Boost)  
  49  3:52  Probe  
  49  3:54  Stargate  
  50  3:56  Probe  
  50  3:58  Pylon  
  51  4:04  Probe  
  51  4:08  Probe  
  51  4:09  Pylon  
  53  4:16  Phoenix (Chrono Boost)  
  55  4:20  Adept x2  
  55  4:22  Probe x2  
  61  4:31  Gateway  
  61  4:33  Gateway  
  63  4:39  Phoenix (Chrono Boost)  
  63  4:43  Pylon  
  63  4:45  Phoenix (Chrono Boost)  
  65  4:48  Probe x2  
  65  4:50  Adept  
  69  5:01  Phoenix (Chrono Boost)  
  69  5:03  Pylon  
  73  5:10  Phoenix (Chrono Boost)  
  73  5:14  Nexus  
  73  5:19  Pylon  
  73  5:26  Phoenix (Chrono Boost)  
  73  5:28  Probe  
  78  5:29  Phoenix (Chrono Boost)  
  78  5:30  Probe  
  78  5:35  Forge  
  79  5:39  Twilight Council  
  79  5:41  Sentry  
  81  5:42  Sentry  
  81  5:45  Probe x2  
  85  5:55  Pylon  
  85  5:58  Probe x2, Shield Battery  
  87  6:05  Adept  
  87  6:08  Protoss Ground Weapons Level 1  
  87  6:10  Probe  
  90  6:22  Charge  
  90  6:25  Sentry  
  90  6:26  Adept  
  90  6:27  Stalker  
  90  6:30  Shield Battery  
  92  6:34  Robotics Facility  
  92  6:36  Stalker  
  86  6:42  Probe  
  86  6:45  Probe x2  
  88  6:48  Zealot  
  88  6:52  Robotics Facility  
  88  6:54  Probe  
  91  6:57  Probe x2 (Chrono Boost)  
  94  7:09  Probe (Chrono Boost), Pylon  
  94  7:11  Probe (Chrono Boost), Stalker x2  
  94  7:12  Stalker x2  
  94  7:15  Probe (Chrono Boost)  
  104  7:17  Probe (Chrono Boost)  
  104  7:19  Probe (Chrono Boost)  
  104  7:21  Probe (Chrono Boost)  
  107  7:24  Probe  
  107  7:25  Pylon  
  107  7:27  Immortal (Chrono Boost)  
  112  7:30  Probe  
  112  7:31  Assimilator  
  112  7:32  Assimilator  
  113  7:37  Gateway  
  113  7:38  Gateway  
  113  7:40  Gateway  
  113  7:44  Templar Archives  
  111  7:45  Photon Cannon  
  111  7:49  Photon Cannon  
  111  7:50  Photon Cannon  
  111  7:54  Pylon  
  111  8:00  Observer (Chrono Boost)  
  111  8:02  Blink  
  111  8:03  Immortal (Chrono Boost)  
  111  8:04  Pylon  
  116  8:07  Photon Cannon  
  116  8:08  Shield Battery  
  116  8:19  Protoss Ground Weapons Level 2 (Chrono Boost)  
  116  8:20  Zealot x4  
  116  8:23  Warp Prism (Chrono Boost)  
  124  8:37  Gateway  
  124  8:40  High Templar, Gateway  
  124  8:41  High Templar  
  122  8:46  Archon  
  122  8:49  High Templar x2  
  122  8:50  Zealot x3  
  122  8:53  Pylon  
  122  8:54  Photon Cannon  
  122  8:55  Archon  
  132  9:01  Photon Cannon  
  132  9:15  High Templar x2  
  132  9:16  Zealot x3  
  142  9:17  Nexus  
  142  9:20  Archon  
  141  9:24  Observer  
  141  9:33  High Templar x2  
  141  9:38  Zealot x4  
  149  9:39  Archon  
  149  9:43  Pylon  
  148  10:01  Stalker x4  
  148  10:06  Pylon  
  156  10:07  Pylon  
  156  10:16  Psionic Storm  
  156  10:20  Nexus  
  156  10:21  Immortal x2 (Chrono Boost)  
  156  10:25  Zealot x2  
  156  10:26  Zealot x3  
  136  10:41  High Templar  
  136  10:42  High Templar x3  
  138  10:51  Probe x3  
  138  10:53  Observer  
  138  10:54  Shield Battery  
  138  10:55  Warp Prism (Chrono Boost)  
  138  10:56  Shield Battery  
  143  11:00  High Templar x2, Assimilator  
  143  11:03  Assimilator  
  147  11:05  Archon  
  147  11:08  Immortal  
  147  11:11  Zealot x2  
  155  11:23  High Templar  
  155  11:24  High Templar  
  159  11:27  Archon  
  159  11:32  Zealot x5  
  118  11:46  Probe x2  
  120  11:52  Sentry  
  120  11:56  High Templar x2  
  120  11:57  Zealot x4  
  120  11:58  Nexus  
  132  12:01  Pylon, Archon  
  132  12:22  High Templar x3  
  134  12:23  High Templar  
  134  12:24  Zealot x3  
  134  12:26  Archon  
  134  12:28  Archon  
  124  12:39  Warp Prism  
  124  12:40  Zealot x2  
  124  12:46  Stalker  
  124  12:47  Stalker x2  
  129  12:52  Probe x3  
  117  13:03  Zealot x3  
  117  13:04  Zealot  
  107  13:16  High Templar x2  
  107  13:17  High Templar  
  107  13:18  Probe x2 (Chrono Boost)  
  107  13:19  Probe (Chrono Boost)  
  116  13:23  Sentry  
  119  13:29  Photon Cannon  
  119  13:30  Probe (Chrono Boost)  
  119  13:32  Probe (Chrono Boost)  
  121  13:35  Probe (Chrono Boost)  
  121  13:39  High Templar  
  121  13:40  Probe (Chrono Boost), High Templar  
  125  13:42  Probe x2  
  125  13:44  Probe  
  125  13:45  Archon  
  125  13:48  Photon Cannon  
  129  13:52  Photon Cannon  
  129  13:57  High Templar x2  
  129  14:01  Archon  
  133  14:05  Observer  
  133  14:07  Zealot x5  
  143  14:11  Protoss Shields Level 1 (Chrono Boost)  
  143  14:16  High Templar x2  
  147  14:31  High Templar x2  
  149  14:33  Pylon  
  149  14:37  Archon  
  143  14:44  Probe  
  143  14:45  Probe x2  
  141  14:46  High Templar x2  
  141  14:47  Zealot x3  
  141  14:51  Archon  
  141  14:52  Zealot x2  
  155  14:53  Probe  
  155  14:57  Probe x2  
  158  15:03  Zealot  
  158  15:04  Zealot  
  162  15:09  Archon  
  162  15:11  Zealot x3  
  142  15:19  Zealot x4  
  130  15:25  High Templar x2  
  118  15:35  High Templar x2, Zealot  
  118  15:39  Archon  
  118  15:40  High Templar x2  
  118  15:41  Zealot  
  126  15:45  Archon  
  130  15:54  High Templar x2  
  130  15:55  Zealot x2  
  138  15:58  Archon  
  138  16:00  Zealot x3  
  140  16:05  Archon  
  120  16:13  High Templar x2  
Show
View Real Time Build Order
Export as new Build Order

Armani Zerg 

Build Orders: Hatch First 

Get SALT Encoding   

  12  0:00  Drone  
  13  0:13  Overlord  
  13  0:17  Drone  
  14  0:33  Drone x2  
  16  0:48  Hatchery  
  15  0:51  Drone  
  15  0:54  Drone  
  17  0:58  Drone  
  18  1:09  Extractor  
  17  1:12  Spawning Pool  
  16  1:18  Drone  
  16  1:20  Drone  
  18  1:29  Drone  
  19  1:40  Drone  
  20  1:50  Overlord  
  20  1:59  Queen  
  20  2:00  Queen  
  24  2:01  Zergling x4  
  26  2:10  Metabolic Boost  
  26  2:12  Drone x2  
  28  2:23  Drone  
  28  2:25  Drone  
  30  2:33  Drone  
  31  2:44  Queen  
  31  2:45  Drone  
  31  2:47  Drone  
  35  2:51  Hatchery  
  35  2:55  Overlord  
  35  2:57  Drone  
  35  2:58  Drone  
  36  3:08  Overlord  
  36  3:14  Drone  
  36  3:15  Drone x3  
  36  3:16  Drone  
  40  3:20  Queen  
  40  3:24  Overlord  
  42  3:27  Drone  
  43  3:36  Drone  
  43  3:38  Drone  
  43  3:40  Spore Crawler  
  44  3:46  Overlord  
  44  3:47  Drone  
  45  3:50  Drone x2  
  45  3:51  Drone  
  45  3:53  Drone  
  45  3:54  Drone  
  51  3:55  Zergling x2  
  51  4:00  Overlord  
  51  4:04  Queen  
  51  4:05  Spore Crawler  
  51  4:08  Zergling x4  
  51  4:09  Drone  
  55  4:12  Drone  
  55  4:14  Drone  
  55  4:15  Roach Warren  
  56  4:19  Lair  
  56  4:22  Drone x2  
  58  4:25  Drone  
  58  4:26  Spore Crawler  
  58  4:28  Overlord  
  58  4:35  Drone x2  
  58  4:37  Extractor  
  58  4:38  Extractor  
  58  4:41  Drone x2  
  58  4:43  Overlord  
  61  4:45  Drone  
  61  4:55  Roach x5  
  61  4:58  Roach  
  73  5:01  Overlord  
  73  5:02  Roach  
  74  5:08  Roach x2  
  74  5:10  Drone x4  
  82  5:17  Drone  
  82  5:18  Overlord  
  83  5:21  Glial Reconstitution  
  83  5:28  Overseer  
  83  5:29  Zergling x4  
  83  5:30  Zergling x10  
  83  5:31  Drone  
  83  5:32  Extractor  
  83  5:34  Roach  
  92  5:42  Drone  
  93  5:43  Overlord  
  93  5:47  Drone x2  
  93  5:48  Spore Crawler, Drone x5  
  99  5:51  Spore Crawler  
  99  5:53  Overlord  
  99  5:55  Spore Crawler, Overlord  
  96  6:04  Spire  
  96  6:06  Overlord  
  96  6:07  Extractor  
  96  6:08  Overlord  
  94  6:14  Overlord  
  94  6:17  Drone  
  88  6:19  Drone x2  
  88  6:20  Drone, Overlord  
  88  6:23  Drone x3  
  88  6:24  Drone  
  90  6:26  Drone  
  90  6:28  Drone  
  90  6:30  Drone  
  91  6:34  Drone  
  91  6:35  Drone x2  
  91  6:36  Drone  
  90  6:42  Drone  
  90  6:44  Drone x2  
  88  6:48  Drone  
  82  6:55  Extractor  
  82  7:00  Drone  
  78  7:03  Drone x4  
  78  7:04  Drone  
  83  7:17  Corruptor x6  
  83  7:19  Corruptor  
  83  7:21  Evolution Chamber  
  94  7:25  Corruptor  
  96  7:34  Drone x3  
  96  7:36  Roach x3, Overlord  
  105  7:38  Overlord  
  105  7:40  Overlord  
  105  7:42  Overlord  
  105  7:47  Overlord  
  105  7:59  Hatchery  
  105  8:01  Zerg Melee Weapons Level 1  
  105  8:02  Drone  
  105  8:03  Roach, Baneling Nest  
  105  8:04  Roach x2  
  110  8:06  Roach x2  
  114  8:15  Drone x2  
  114  8:19  Roach x2  
  127  8:20  Roach x4  
  127  8:21  Overlord  
  127  8:34  Overlord x2  
  127  8:35  Overlord  
  127  8:36  Overlord  
  127  8:37  Overlord  
  127  8:39  Overlord  
  125  8:44  Ravager x4  
  125  8:45  Ravager  
  125  8:48  Centrifical Hooks  
  130  8:49  Roach x2  
  130  8:50  Roach, Overlord  
  130  8:51  Overlord  
  136  8:57  Drone x5  
  136  8:58  Ravager x3  
  144  9:04  Zergling x2  
  144  9:05  Zergling x2  
  146  9:12  Ravager x3  
  146  9:14  Zergling x6  
  152  9:17  Extractor  
  152  9:18  Zergling x14  
  152  9:19  Zergling x2  
  152  9:20  Baneling x2  
  152  9:23  Roach  
  161  9:34  Roach x6  
  167  9:43  Drone  
  168  9:46  Baneling x10  
  168  9:48  Zergling x14  
  176  9:52  Drone  
  176  9:57  Overseer  
  176  9:59  Zergling x2  
  180  10:00  Zergling x8  
  180  10:04  Baneling x6  
  178  10:08  Zergling x8  
  178  10:09  Zerg Melee Weapons Level 2  
  171  10:24  Zergling x26  
  171  10:27  Baneling x5  
  171  10:28  Baneling x11  
  177  10:29  Roach  
  162  10:45  Infestation Pit  
  162  10:46  Drone  
  162  10:47  Zergling x12  
  162  10:48  Zergling x14, Evolution Chamber  
  173  10:51  Hatchery  
  173  10:54  Drone  
  173  10:58  Baneling x12  
  173  10:59  Baneling x3  
  173  11:00  Overseer  
  173  11:08  Zergling x14  
  173  11:10  Baneling x4  
  173  11:11  Baneling  
  180  11:15  Zerg Ground Armor Level 1  
  157  11:42  Queen  
  157  11:44  Zergling x28  
  157  11:45  Zergling x18  
  163  11:54  Baneling x7  
  163  11:56  Hive  
  163  11:58  Roach x2  
  167  12:02  Overseer  
  167  12:08  Drone  
  167  12:09  Drone  
  167  12:15  Zergling x26  
  182  12:19  Baneling x8  
  182  12:21  Drone  
  181  12:27  Baneling x13  
  181  12:28  Baneling  
  147  12:41  Roach x8  
  154  12:44  Baneling x6  
  150  12:55  Roach x6  
  148  13:02  Zergling x14  
  142  13:09  Zergling x2  
  142  13:10  Zergling x6  
  140  13:19  Hatchery  
  137  13:23  Baneling x11  
  137  13:24  Ravager  
  138  13:29  Zergling x4  
  138  13:32  Zergling x6  
  143  13:35  Zergling x2  
  143  13:36  Zergling x2  
  143  13:41  Zergling x8  
  149  13:44  Baneling x4  
  149  13:47  Overseer  
  149  13:52  Adrenal Glands  
  149  14:02  Hatchery  
  148  14:08  Zergling x8  
  152  14:12  Zerg Missile Weapons Level 1  
  152  14:15  Baneling  
  152  14:16  Baneling x6  
  152  14:20  Baneling x5  
  152  14:21  Baneling x2  
  152  14:25  Zergling x2  
  152  14:26  Zergling x4  
  148  14:47  Baneling x4  
  148  14:48  Baneling x10  
  148  14:51  Zergling x20  
  156  14:57  Ravager  
  156  14:59  Zergling x12  
  163  15:04  Zergling x8  
  163  15:12  Baneling x12  
  124  15:23  Zergling x2  
  124  15:24  Zergling x14  
  117  15:34  Ravager x2  
  110  15:39  Zergling x2  
  110  15:40  Zergling x12  
  117  15:44  Overseer  
  117  15:47  Baneling x2  
  117  15:53  Roach  
  117  15:55  Zergling x4  
  121  15:57  Baneling x2  
  121  15:58  Baneling  
Tags
 
Add a new tag
Caveats
  • Supply blocks, unpowered buildings, or Contaminate may cause inaccurate times.
  • Supply counts are checked every 10 seconds.